 Dungeon Crawl Stone Soup version 0.30.1 (webtiles) character file.

Game seed: 2386234243360809298

3246 cdecastro the Placeless Armataur (level 9, 0/71 HPs)
             Began as an Armataur Warper on July 3, 2023.
             Was a Priest of Okawaru.
             Slain by an orc warrior
             ... wielding a +0 scimitar
              (14 damage)
             ... on level 7 of the Dungeon.
             The game lasted 00:18:19 (7361 turns).

cdecastro the Placeless Armataur (Armataur Warper)  Turns: 7361, Time: 00:18:19

Health: 0/71       AC:  6    Str: 16    XL:     9   Next: 67%
Magic:  8/11       EV:  9    Int: 17    God:    Okawaru [***...]
Gold:   574        SH:  0    Dex: 11    Spells: 0/11 levels left

rFire   + . .        a - +2 dagger (venom)
rCold   + . .        (no shield)
rNeg    . . .        O - +0 steam dragon scales
rPois   .            (no helmet)
rElec   .            i - scarf {rC+ rF+}
rCorr   .            J - +0 pair of gloves
SInv    .            (no barding)
Will    .....        N - amulet of the acrobat
Stlth   +            (no ring)
HPRegen 0.31/turn    (no ring)
MPRegen 0.12/turn

%: acrobat, roll
@: no status effects
A: large, rugged brown scales 3, deformed body, armoured tail, roll, long
tongue, awkward tongue
a: Renounce Religion, Heroism


You were on level 7 of the Dungeon.
You worshipped Okawaru.
Okawaru was most pleased with you.
You visited 2 branches of the dungeon, and saw 10 of its levels.
You also visited: Sewer.

You collected 574 gold pieces.

Inventory:

Hand Weapons
 a - a +2 dagger of venom (weapon)
 b - a +2 war axe of electrocution
 k - a +0 mace
 M - a +3 flail
Missiles
 d - 10 boomerangs of dispersal
 w - 8 boomerangs (quivered)
 F - 4 poisoned darts
Armour
 g - a +0 ring mail of cold resistance
 i - a scarf of resistance (worn)
 J - a +0 pair of gloves (worn)
 O - +0 steam dragon scales (worn)
Jewellery
 h - an amulet of regeneration
 N - an amulet of the acrobat (around neck)
Wands
 v - a wand of light (16)
 A - a wand of iceblast (3)
 C - a wand of flame (20)
 L - a wand of digging (4)
Scrolls
 c - 6 scrolls of blinking
 f - a scroll of torment {unknown}
 j - 8 scrolls of teleportation {unknown}
 l - 4 scrolls of magic mapping {unknown}
 m - a scroll of summoning {unknown}
 n - 3 scrolls of poison {unknown}
 o - a scroll of vulnerability {unknown}
 r - a scroll of immolation {unknown}
 s - a scroll of noise {unknown}
 t - 3 scrolls of fear {unknown}
 y - a scroll of enchant armour {unknown}
 B - 2 scrolls of fog {unknown}
 D - a scroll of enchant weapon {unknown}
 E - 2 scrolls of amnesia {unknown}
 H - a scroll of silence {unknown}
Potions
 e - 4 potions of degeneration
 p - a potion of heal wounds
 q - 2 potions of lignification
 u - 2 potions of brilliance
 x - 4 potions of curing
 z - 4 potions of mutation
 G - 2 potions of haste
 I - a potion of attraction
 K - a potion of invisibility


   Skills:
 - Level 1.7 Fighting
 - Level 5.5 Maces & Flails
 - Level 8.2 Throwing
 - Level 1.2 Armour
 - Level 1.3 Dodging
 - Level 1.7 Spellcasting
 + Level 8.5 Translocations
 * Level 3.0 Invocations


You couldn't memorise any spells.
You knew the following spells:

 Your Spells              Type           Power      Damage    Failure   Level
a - Blink                 Tloc           60%        N/A       1%          2
b - Lesser Beckoning      Tloc           60%        N/A       1%          2
c - Teleport Other        Tloc           30%        N/A       1%          3
d - Manifold Assault      Tloc           30%        N/A       6%          4

Your spell library contained the following spells:

 Spells                   Type           Power      Damage    Failure   Level
 Vhi's Electric Charge    Tloc/Air       30%        N/A       11%         3
 Freeze                   Ice            4%         1d3       21%         1
 Sting                    Tmut/Pois      4%         1d3       21%         1
 Poisonous Vapours        Pois/Air       2%         N/A       30%         2
 Sublimation of Blood     Necr           1%         N/A       30%         2
 Wereblood                Tmut           1%         N/A       30%         2
 Frozen Ramparts          Ice            2%         1d1       52%         3
 Hailstorm                Conj/Ice       1%         3d3       52%         3
 Leda's Liquefaction      Hex/Erth       0%         N/A       89%         4
 Olgreb's Toxic Radiance  Pois           1%         N/A       89%         4
 Lee's Rapid Deconstruct  Erth           0%         3d4*      99%         5
 Statue Form              Tmut/Erth      0%         N/A       100%        6
 Orb of Destruction       Conj           0%         9d5       100%        7
 Summon Small Mammal      Summ           Unusable   N/A       N/A         1
 Call Canine Familiar     Summ           Unusable   N/A       N/A         3
 Summon Guardian Golem    Hex/Summ       Unusable   N/A       N/A         3
 Spellforged Servitor     Conj/Summ      Unusable   N/A       N/A         7
 Summon Hydra             Summ           Unusable   N/A       N/A         7

Dungeon Overview and Level Annotations

Branches:
Dungeon (9/15)             Temple (1/1) D:4            Lair (0/5) D:8
  Sewer (visited)
    Orc: D:9-12

Altars:
Cheibriados
Dithmenos
Elyvilon
Fedhas
Gozag
Hepliaklqana
Kikubaaqudgha
Makhleb
Nemelex Xobeh
Okawaru
Qazlal
Ru
Sif Muna
Trog
Uskayaw
Vehumet
Wu Jian
Xom
Zin
The Shining One

Annotations:
D:4 1 runed translucent door, Crazy Yiuf, Dowan, Duvessa


Innate Abilities, Weirdness & Mutations

You are completely covered in rugged brown scales. (AC +3, +7% HP)
Armour fits poorly on your strangely shaped body.
You have a long armoured tail.
You roll when moving toward enemies. (Rampage)
Your long tongue fully drains potion bottles. (2x potion effects)
Your tongue gives you trouble enunciating. (1.5x scroll delay)


Message History

Unknown command.
Unknown command.
Unknown command.
Press: ? - help, v - describe, . - travel
Here: an orc warrior, wielding a +0 scimitar and wearing a +0 plate armour The floor.
Unknown command.
You hit the orc warrior but do no damage.
The orc warrior is poisoned.
Your tail-slap misses the orc warrior.
The orc warrior closely misses you.
Unknown command.
You closely miss the orc warrior.
The orc warrior is lightly wounded.
The orc warrior completely misses you.
Unknown command.
You hit the orc warrior.
The orc warrior is lightly wounded.
The orc warrior hits you with a +0 scimitar!
* * * LOW HITPOINT WARNING * * *
Unknown command.
You hit the orc warrior but do no damage.
The orc warrior looks even sicker.
The orc warrior is moderately wounded.
The orc warrior hits you with a +0 scimitar.
* * * LOW HITPOINT WARNING * * *
Unknown command.
You hit the orc warrior but do no damage.
Your tail-slap misses the orc warrior.
The orc warrior is moderately wounded.
The orc warrior hits you with a +0 scimitar!
* * * LOW HITPOINT WARNING * * *
Unknown command.
Casting: Teleport Other (safe; 1% risk of failure)
Confirm with . or Enter, or press ? or * to list all spells.
Aiming: Teleport Other (safe; 1% risk of failure)
Press: ? - help, Shift-Dir - straight line, f - orc warrior
Aim: an orc warrior, wielding a +0 scimitar and wearing a +0 plate armour (moderately wounded, very poisoned, chance to affect: 69%)
The orc warrior looks slightly unstable.
The orc warrior hits you with a +0 scimitar!
You die...

# #.##.....#.#.##.[<.......####.
# #.###.#..#...##.........######
####+###......########...........
##...............................
.'.....##.....#######.##.........
##.....##.###...........#########
#.....##.# #...#####.#.# ######
#.....##.# #....####.#.####.....
#.....##.###.#.@o...............
#.....##.##..#.#######.####.####
##.....##.##..#'#####.#.#........
.......##.............#.#.##.####
############.#...####...........#
...........#............#..#.##.#
...........#.#...#########.#.##.#
.###########.#...# #.........##.#
.#...........#...# #.#####.####.#


You could see an orc warrior (very poisoned, teleporting).

Vanquished Creatures
  A two-headed ogre (D:8)
  Sigmund (D:2)
  2 wyverns (D:8)
  A steam dragon (D:8)
  Menkaure (D:5)
  A black bear (D:7)
  A sky beast (D:7)
  2 centaurs
  2 phantoms
  4 bullfrogs
  2 scorpions (D:6)
  6 wights
  2 killer bees (D:7)
  3 howler monkeys
  4 hounds
  A jelly (D:6)
  2 orc priests
  5 orc wizards
  Natasha (thrice) (D:2)
  A hell rat (Sewer)
  6 adders
  3 river rats (Sewer)
  A shadow imp (D:6)
  A worm (D:3)
  2 dart slugs
  16 orcs
  6 endoplasms
  2 giant cockroaches
  6 hobgoblins
  5 kobolds
  A quokka (D:5)
  6 ball pythons
  4 bats
  4 frilled lizards (D:3)
  10 goblins
  12 rats
130 creatures vanquished.

Notes
Turn   | Place    | Note
-------+----------+-------------------------------------------
     0 | D:1      | cdecastro the Armataur Warper began the quest for the Orb.
     0 | D:1      | Reached XP level 1. HP: 18/18 MP: 3/3
   130 | D:1      | Reached XP level 2. HP: 23/25 MP: 4/4
   660 | D:2      | Noticed Natasha
   667 | D:2      | Killed Natasha
   668 | D:2      | Reached XP level 3. HP: 27/31 MP: 5/5
   950 | D:2      | Noticed Sigmund
   965 | D:2      | Killed Sigmund
   966 | D:2      | Reached XP level 4. HP: 10/38 MP: 6/6
   966 | D:2      | Reached XP level 5. HP: 11/43 MP: 7/7
  1035 | D:2      | Noticed Natasha
  1042 | D:2      | Killed Natasha
  1177 | D:2      | Noticed Natasha
  1188 | D:2      | Killed Natasha
  1189 | D:2      | Reached XP level 6. HP: 42/51 MP: 8/8
  1214 | D:2      | Learned a level 2 spell: Blink
  1217 | D:2      | Learned a level 2 spell: Lesser Beckoning
  1221 | D:2      | Learned a level 3 spell: Teleport Other
  1587 | D:3      | Reached skill level 5 in Maces & Flails
  1951 | D:4      | Found a runed translucent door.
  1952 | D:4      | Noticed Crazy Yiuf
  1997 | D:4      | Found a staircase to the Ecumenical Temple.
  2172 | D:4      | Found a glowing drain.
  2177 | Sewer    | Entered a sewer
  2394 | D:4      | Identified the +1 falchion of Joyful Slaughter {flame, rC+
                  | Int+2}
  2447 | D:4      | Reached skill level 5 in Translocations
  2464 | D:4      | Noticed Duvessa
  2464 | D:4      | Noticed Dowan
  2486 | Temple   | Entered the Ecumenical Temple
  2492 | Temple   | Became a worshipper of Warmaster Okawaru
  2699 | D:5      | Entered Level 5 of the Dungeon
  2710 | D:5      | Reached skill level 1 in Throwing
  2803 | D:5      | Reached XP level 7. HP: 56/56 MP: 9/9
  2922 | D:5      | Found a sacrificial altar of Ru.
  2951 | D:5      | Noticed Menkaure
  2956 | D:5      | Killed Menkaure
  3329 | D:5      | Reached * piety under Okawaru
  3413 | D:5      | Found a burning altar of Makhleb.
  3891 | D:6      | Reached XP level 8. HP: 49/64 MP: 10/10
  4186 | D:6      | Reached ** piety under Okawaru
  4187 | D:6      | Reached skill level 5 in Throwing
  4582 | D:6      | Found an ornate altar of the Wu Jian Council.
  6050 | D:7      | Reached XP level 9. HP: 60/71 MP: 11/11
  6477 | D:7      | Learned a level 4 spell: Manifold Assault
  6683 | D:8      | Noticed a two-headed ogre
  6723 | D:8      | Killed a two-headed ogre
  6723 | D:8      | Reached *** piety under Okawaru
  6814 | D:8      | HP: 3/71 [centaur (3)]
  6950 | D:8      | Reached skill level 1 in Invocations
  6982 | D:8      | Noticed a komodo dragon
  7021 | D:8      | Found a staircase to the Lair.
  7361 | D:7      | Slain by an orc warrior

Illustrated notes

Levels and vault maps discovered:
D:1:      heliophobic_arrival_glass_houses, layout_basic, st_stairs_1
D:2:      layout_basic, uniq_natasha, uniq_sigmund
D:3:      layout_rooms
D:4:      layout_layer_cave, nicolae_ashenzari_skybound,
          minmay_temple_entry_waves, portal_sewer_entry_e, grunt_ministairs_15,
          uniq_crazy_yiuf_cottage, uniq_duvessa
D:5:      layout_loops_ring, nicolae_ru_great_annihilating_truth,
          kennysheep_mini_moat, uniq_menkaure
D:6:      layout_layer_cave, mainiacjoe_overflow_small_starburst
D:7:      layout_basic
D:8:      layout_loops_ring, nicolae_yredelemnul_ghost_church, erik_lair_dragon,
          enter_bailey_5
D:9:      layout_long_grid, minmay_radiant
Temple:   bh_familiar_temple

Skill      XL: |  1  2  3  4  5  6  7  8  9 |
---------------+----------------------------+-----
Maces & Flails | 2 3 4 5 |  5.5
Translocations | 4 5 6 7 8 |  8.5
Throwing       | 1 4 7 8 |  8.2
Invocations    | 3 |  3.0
Fighting       | |  1.7
Armour         | |  1.2
Dodging        | |  1.3
Spellcasting   | |  1.7

Action                     |  1- 3 |  4- 6 |  7- 9 || total
---------------------------+-------+-------+-------++-------
  Melee: Mace              |    49 |       |       ||    49
         Tailslap          |     9 |    31 |    33 ||    73
         Dagger            |    60 |   186 |   264 ||   510
         Punch             |       |     2 |     2 ||     4
         War axe           |       |       |    23 ||    23
  Throw: Boomerang         |       |       |    38 ||    38
         Dart              |       |       |     6 ||     6
   Cast: Teleport Other    |       |       |    12 ||    12
         Manifold Assault  |       |       |     2 ||     2
  Evoke: Wand              |       |       |     2 ||     2
    Use: Scroll            |       |       |     8 ||     8
         Potion            |       |       |     3 ||     3
   Stab: Paralysed         |       |       |     1 ||     1
         Invisible         |       |       |     1 ||     1
 Armour: Leather armour    |    18 |       |       ||    18
         Ring mail         |    18 |    72 |   125 ||   215
         Steam dragon scal |       |       |     8 ||     8
  Dodge: Dodged            |    43 |    64 |   140 ||   247
